 Dungeon Crawl Stone Soup version 0.31-a0-819-gf6de2f5ab6 (webtiles) character file.

Game seed: 15454757784963416488

12249 clenchingflame the Bludgeoner (level 11, -5/99 HPs)
             Began as a Minotaur Berserker on Sept 24, 2023.
             Was a High Priest of Trog.
             Shot with a bolt by a yaktaur captain (15 damage)
             ... on level 11 of the Dungeon on Sept 25, 2023.
             The game lasted 00:56:43 (9636 turns).

clenchingflame the Bludgeoner (Minotaur Berserker)  Turns: 9636, Time: 00:56:44

Health: -5/99      AC: 21    Str: 30    XL:     11   Next: 60%
Magic:  10/10      EV: 12    Int:  4    God:    Trog [*****.]
Gold:   475        SH:  0    Dex: 13    Spells: 10/10 levels left

rFire   . . .        T - +2 flail of Fimbulwinter {flame, rElec rCorr Str+4 Dex-5}
rCold   + . .        L - orb {*Rage}
rNeg    . . .        K - +0 scale mail {rPois}
rPois   +            (helmet restricted)
rElec   +            S - +0 cloak
rCorr   +            w - +1 pair of gloves of the Bull {Harm rC+ Dex+8}
SInv    .            f - +0 pair of boots
Will    ++...        b - amulet of the acrobat Stlth
                     e - +4 ring of protection
HPRegen 1.36/turn    I - +4 ring of protection
MPRegen 0.12/turn

%: random rage (20%), harm (+30% outgoing, +20% incoming), acrobat
@: strong-willed, on berserk cooldown, regenerating, slowed, very slow
A: horns 2, retaliatory headbutt
a: Renounce Religion, Berserk, Trog's Hand, Brothers in Arms


You were on level 11 of the Dungeon.
You worshipped Trog.
Trog was extremely pleased with you.
You visited 1 branch of the dungeon, and saw 11 of its levels.
You also visited: Sewer and Bailey.

You collected 643 gold pieces.
You spent 168 gold pieces at shops.

Inventory:

Hand Weapons
 i - a +0 sling
 l - a +2 great mace of protection
 T - the +2 flail of Fimbulwinter (weapon) {flame, rElec rCorr Str+4 Dex-5}
   (You found it on level 8 of the Dungeon)

   Str+4:     It affects your strength (+4).
   Dex-5:     It affects your dexterity (-5).
   rElec:     It insulates you from electricity.
   rCorr:     It protects you from acid and corrosion.
 V - a +3 dire flail
Missiles
 c - 96 stones (quivered)
 q - 5 atropa-tipped darts
 x - 40 poisoned darts
 B - 4 curare-tipped darts
 W - 7 boomerangs
Armour
 f - a +0 pair of boots (worn)
 w - the +1 pair of gloves of the Bull (worn) {Harm rC+ Dex+8}
   (You acquired it on level 10 of the Dungeon)

   Dex+8:     It affects your dexterity (+8).
   rC+:       It protects you from cold.
   Harm:      It increases damage dealt and taken.
 J - a +0 chain mail
 K - a +0 scale mail of poison resistance (worn)
 L - an orb of wrath (worn)
 S - a +0 cloak (worn)
Jewellery
 b - an amulet of the acrobat (around neck)
 e - a +4 ring of protection (left hand)
 t - a ring of poison resistance
 I - a +4 ring of protection (right hand)
 Q - a ring of fire
 U - a ring of resist corrosion
Talismans
 H - a serpent talisman
Wands
 a - a wand of mindburst (6)
 k - a wand of iceblast (14)
 F - a wand of flame (47)
 R - a wand of charming (19)
 Z - a wand of polymorph (11)
Scrolls
 g - 3 scrolls of teleportation
 n - a scroll of torment
 o - 3 scrolls of blinking {unknown}
 r - 2 scrolls of poison {unknown}
 s - 3 scrolls of enchant armour {unknown}
 y - a scroll of silence {unknown}
 G - a scroll of brand weapon {unknown}
 N - 7 scrolls of identify {unknown}
 O - a scroll of amnesia {unknown}
 Y - 2 scrolls of vulnerability {unknown}
Potions
 d - 2 potions of enlightenment {unknown}
 h - 6 potions of cancellation {unknown}
 j - 3 potions of mutation {unknown}
 m - 2 potions of attraction {unknown}
 p - 6 potions of invisibility {unknown}
 u - 2 potions of haste {unknown}
 v - a potion of degeneration {unknown}
 z - 6 potions of resistance {unknown}
 A - 5 potions of lignification {unknown}
 C - 2 potions of experience {unknown}
 D - 5 potions of heal wounds {unknown}
 E - 4 potions of might {unknown}
 M - a potion of curing {unknown}
 P - 3 potions of brilliance {unknown}


   Skills:
 * Level 9.8 Fighting
 * Level 6.5(12.1) Axes
 - Level 15.8(16.3) Maces & Flails
 - Level 8.0 Armour
 - Level 5.0 Dodging
 - Level 5.0 Evocations


You had 10 spell levels left.
You didn't know any spells.
Your spell library contained the following spells:

 Spells                   Type           Power      Damage    Failure   Level
 Magic Dart               Conj           0%         1d3       71%         1
 Slow                     Hex            0%         N/A       71%         1
 Sting                    Tmut/Pois      0%         1d3       71%         1
 Summon Small Mammal      Summ           0%         N/A       71%         1
 Ensorcelled Hibernation  Hex/Ice        0%         N/A       85%         2
 Passwall                 Tmut/Erth      0%         N/A       85%         2
 Poisonous Vapours        Pois/Air       0%         N/A       85%         2
 Scorch                   Fire           0%         2d5       85%         2
 Searing Ray              Conj           0%         2d4       85%         2
 Confusing Touch          Hex            0%         N/A       97%         3
 Hailstorm                Conj/Ice       0%         3d3       97%         3
 Inner Flame              Hex/Fire       0%         N/A       97%         3
 Ozocubu's Armour         Ice            0%         N/A       97%         3
 Sigil of Binding         Hex            0%         N/A       97%         3
 Summon Guardian Golem    Hex/Summ       0%         N/A       97%         3
 Swiftness                Air            0%         N/A       97%         3
 Vampiric Draining        Necr           0%         2d6       97%         3
 Flame Wave               Conj/Fire      0%         2d4       100%        4
 Fulminant Prism          Conj/Hex       0%         3d5       100%        4
 Olgreb's Toxic Radiance  Pois           0%         N/A       100%        4
 Sticky Flame             Conj/Fire      0%         2d3       100%        4
 Summon Ice Beast         Ice/Summ       0%         N/A       100%        4
 Metabolic Englaciation   Hex/Ice        0%         N/A       100%        5
 Simulacrum               Ice/Necr       0%         N/A       100%        6
 Summon Cactus Giant      Summ           0%         N/A       100%        6
 Orb of Destruction       Conj           0%         9d5       100%        7
 Spellforged Servitor     Conj/Summ      0%         N/A       100%        7


Dungeon Overview and Level Annotations

Branches:
Dungeon (11/15)            Temple (0/1) D:4            Lair (0/5) D:9
    Orc (0/2) D:11          Sewer (visited)          Bailey (visited)

Altars:
Cheibriados
Fedhas
Gozag
Kikubaaqudgha
Makhleb
Nemelex Xobeh
Okawaru
Qazlal
Ru
Sif Muna
Uskayaw
Vehumet
Xom

Shops:
D:4 *   D:6 (


Innate Abilities, Weirdness & Mutations

You have a pair of horns on your head.
You reflexively headbutt those who attack you in melee.


Message History

The tengu warrior is almost dead.
The sphinx hits you but does no damage. x2; The sphinx misses you.
The tengu warrior hits you but does no damage.
The tengu warrior pecks you.
The tengu warrior claws you but does no damage.
You barely miss the tengu warrior. Your headbutt misses the tengu warrior.
The tengu warrior is almost dead.
The sphinx casts a spell.
You feel as though you will be slow longer.
The tengu warrior barely misses you.
The tengu warrior pecks you but does no damage.
The tengu warrior misses you. The sphinx hits you!
The sphinx closely misses you. The sphinx hits you but does no damage.
You hit the tengu warrior. You burn the tengu warrior.
You kill the tengu warrior!
Trog accepts your kill.
The sphinx mumbles some strange words.
You feel as though you will be slow longer.
The yaktaur captain wields a +0 arbalest.
The yaktaur captain shoots a bolt.
The bolt hits you!
Your skin crawls.
You feel strong-willed. The sphinx closely misses you. You furiously retaliate!
You headbutt the sphinx! The sphinx hits you but does no damage.
The sphinx hits you!
* * * LOW HITPOINT WARNING * * *
The yaktaur captain shoots a bolt.
The bolt hits you but does no damage. The sphinx hits you but does no damage.
The sphinx hits you!
* * * LOW HITPOINT WARNING * * *
The sphinx hits you but does no damage.
Your two-headed ogre goes berserk!
The sphinx barely misses you. You furiously retaliate!
You headbutt the sphinx. The sphinx hits you.
* * * LOW HITPOINT WARNING * * *
The sphinx barely misses you. The sphinx hits you but does no damage.
The sphinx hits you!
* * * LOW HITPOINT WARNING * * *
The sphinx hits you but does no damage.
The yaktaur captain shoots a bolt.
The bolt hits you!
You die...

..♣...♣...♣......# #....#.#.#
.♣.♣.♣.♣.♣.♣.♣...# #....#.#.#
♣...♣...♣...♣.##.## #....#.#.#
.♣.♣.♣.♣.♣.♣......# #.#).#.#.#
##.##########.....######.#....#.#
#.# #...............#....#.#
##'## #.##########.#..........
....######.#..#H.#..#.....#.#.#..
...........#..c)@)O.#.........#.#
....####...##'####'##.....#.....#
....# ###.# #..#.....####..#
....# #.# #..#.....# #..># ....#
#.#######†##.....# ##### ....#
#.#..'..').#.....# ....#
#.'..#..#..#..####
....######.##########.###########
....+............................


You could see a sphinx (ally target), a yaktaur captain and a friendly
two-headed ogre (summoned, berserk).

Vanquished Creatures
  A yaktaur captain (D:11)
  A centaur warrior (D:11)
  A tengu warrior (D:11)
  2 boulder beetles (D:11)
  2 two-headed ogres
  A cyclops (D:11)
  A komodo dragon (D:11)
  2 trolls
  Prince Ribbit (D:6)
  Sigmund (D:5)
  A shadow (D:5)
  A slime creature (D:11)
  2 wyverns
  14 yaks
  Edmund (D:4)
  3 water moccasins
  A sky beast (D:7)
  2 orc warriors
  An ice beast (D:6)
  5 black bears
  An ogre (D:6)
  3 centaurs
  A phantom (D:7)
  6 kobold brigands
  3 bullfrogs
  2 scorpions (D:5)
  10 killer bees
  An electric eel (D:10)
  3 howler monkeys
  2 jellies
  4 hounds
  4 orc priests
  4 iguanas
  5 orc wizards
  19 gnolls
  18 adders
  3 river rats (Sewer)
  4 white imps
  3 ufetubi
  2 worms (D:4)
  41 orcs
  10 endoplasms
  11 giant cockroaches
  4 goblins
  7 hobgoblins
  42 kobolds
  4 quokkas
  8 ball pythons
  6 bats
  6 frilled lizards
  21 rats
302 creatures vanquished.

Notes
Turn   | Place    | Note
-------+----------+-------------------------------------------
     0 | D:1      | clenchingflame the Minotaur Berserker began the quest for
                  | the Orb.
     0 | D:1      | Reached XP level 1. HP: 19/19 MP: 0/0
   277 | D:1      | Reached XP level 2. HP: 26/26 MP: 1/1
   776 | D:2      | Found an ancient bone altar of Kikubaaqudgha.
   782 | D:2      | Reached skill level 1 in Maces & Flails
   922 | D:2      | Reached skill level 2 in Maces & Flails
   922 | D:2      | Reached XP level 3. HP: 30/31 MP: 2/2
  1151 | D:2      | Reached skill level 3 in Maces & Flails
  1151 | D:2      | Reached XP level 4. HP: 39/39 MP: 3/3
  1600 | D:3      | Reached ** piety under Trog
  2404 | D:4      | Reached skill level 4 in Maces & Flails
  2404 | D:4      | Reached XP level 5. HP: 44/45 MP: 4/4
  2408 | D:4      | Found a staircase to the Ecumenical Temple.
  2457 | D:4      | Found a hide-covered altar of Uskayaw.
  2521 | D:4      | Found Ado Yni's Assorted Antiques.
  2627 | D:4      | Found a glowing drain.
  2667 | Sewer    | Entered a sewer
  2707 | Sewer    | Reached skill level 5 in Maces & Flails
  2781 | Sewer    | Reached *** piety under Trog
  2797 | Sewer    | Reached XP level 6. HP: 51/52 MP: 5/5
  2885 | Sewer    | Reached skill level 5 in Armour
  2908 | Sewer    | Reached skill level 6 in Maces & Flails
  3339 | D:4      | Reached skill level 5 in Fighting
  3339 | D:4      | Reached XP level 7. HP: 56/61 MP: 6/6
  3504 | D:4      | Noticed Edmund
  3516 | D:4      | Killed Edmund
  3517 | D:4      | Reached skill level 7 in Maces & Flails
  3550 | D:4      | Reached **** piety under Trog
  3669 | D:5      | Entered Level 5 of the Dungeon
  3741 | D:5      | Noticed Sigmund
  3747 | D:5      | Killed Sigmund
  3748 | D:5      | Reached skill level 8 in Maces & Flails
  3806 | D:5      | Reached XP level 8. HP: 70/70 MP: 7/7
  3941 | D:5      | Reached skill level 9 in Maces & Flails
  3941 | D:5      | Reached skill level 1 in Evocations
  4000 | D:4      | Bought a runed scale mail for 168 gold pieces
  4634 | D:6      | Noticed Prince Ribbit
  4649 | D:6      | Killed Prince Ribbit
  4650 | D:6      | Reached skill level 10 in Maces & Flails
  4694 | D:6      | You fall into a shaft and drop 2 floors!
  4784 | D:8      | Reached XP level 9. HP: 78/78 MP: 8/8
  4792 | D:8      | Reached skill level 11 in Maces & Flails
  5045 | D:8      | Found an opulent altar of Gozag.
  5046 | D:8      | Identified the +2 flail of Fimbulwinter {flame, rElec rCorr
                  | Str+4 Dex-5}
  5101 | D:8      | Found a sacrificial altar of Ru.
  5615 | D:9      | Found a snail-covered altar of Cheibriados.
  5616 | D:9      | Found a blossoming altar of Fedhas.
  5618 | D:9      | Found an iron altar of Okawaru.
  5632 | D:9      | Noticed a troll
  5644 | D:9      | Killed a troll
  5645 | D:9      | Reached skill level 12 in Maces & Flails
  5830 | D:9      | Found a staircase to the Lair.
  5846 | D:9      | Reached ***** piety under Trog
  5863 | D:9      | Found a burning altar of Makhleb.
  5907 | D:9      | Found a flagged portal.
  5924 | D:9      | Reached skill level 13 in Maces & Flails
  5924 | D:9      | Reached XP level 10. HP: 75/88 MP: 9/9
  5967 | Bailey   | Entered a bailey
  6304 | D:9      | Received a gift from Trog
  6699 | D:7      | Reached skill level 14 in Maces & Flails
  7145 | D:6      | Found a shimmering altar of Xom.
  7227 | D:6      | Found Zyrrabb's Weapon Emporium.
  7622 | D:6      | Found a stormy altar of Qazlal.
  7730 | D:6      | Found a sparkling altar of Nemelex Xobeh.
  8040 | D:10     | Entered Level 10 of the Dungeon
  8147 | D:10     | Reached skill level 15 in Maces & Flails
  8401 | D:10     | Noticed a two-headed ogre
  8407 | D:10     | Killed a two-headed ogre
  8608 | D:10     | Found an ancient bone altar of Kikubaaqudgha.
  8610 | D:10     | Found a shimmering blue altar of Sif Muna.
  8612 | D:10     | Found a radiant altar of Vehumet.
  8617 | D:10     | Got a leatherbound book
  8774 | D:10     | Identified a scroll of acquirement
  8774 | D:10     | Acquired the +1 pair of gloves of the Bull {Harm rC+ Dex+8}
  8878 | D:11     | Noticed a boulder beetle
  8888 | D:11     | Killed a boulder beetle
  8889 | D:11     | Reached skill level 5 in Evocations
  8889 | D:11     | Reached XP level 11. HP: 94/94 MP: 10/10
  8916 | D:11     | Found a runed translucent door.
  8916 | D:11     | Noticed a centaur warrior
  8918 | D:11     | Noticed a yaktaur captain
  8919 | D:11     | Killed a centaur warrior
  8952 | D:11     | Noticed a yaktaur captain
  8953 | D:11     | Noticed a tengu warrior
  8953 | D:11     | Noticed a sphinx
  9037 | D:11     | Found a staircase to the Orcish Mines.
  9069 | D:11     | Noticed a boulder beetle
  9085 | D:11     | Killed a boulder beetle
  9326 | D:11     | Noticed a two-headed ogre
  9329 | D:11     | Killed a two-headed ogre
  9330 | D:11     | Reached skill level 5 in Axes
  9330 | D:11     | Reached skill level 5 in Dodging
  9625 | D:11     | Killed a yaktaur captain
  9634 | D:11     | Killed a tengu warrior
  9636 | D:11     | Shot with a bolt by a yaktaur captain

Illustrated notes

Levels and vault maps discovered:
D:1:      lightli_molten_gateway, layout_loops_ring, serial_bayou,
          serial_bayou_lagoon_a, serial_bayou_shore_a, serial_bayou_pond_b,
          serial_bayou_pond_d, serial_bayou_pond_d, serial_bayou_ford_a
D:2:      layout_loops_ring, basic_altar, minmay_tetromino_s2
D:3:      minmay_roachtagon, layout_basic
D:4:      layout_loops_ring, mainiacjoe_overflow_cross_hatched, temple_pool_b,
          cheibrodos_sewer_entry_sluice, serial_shops, nicolae_lakefront_shop,
          uniq_edmund
D:5:      layout_basic, sigmund_army
D:6:      layout_basic, nicolae_overflow_hidden_temple, marbit_many_paths,
          lemuel_doored_altar, serial_shops, nicolae_stop_n_shop_1,
          minivault_22, uniq_prince_ribbit1, uniq_sigmund
D:7:      layout_rooms
D:8:      layout_basic, amcnicky_altar_gilded, nicolae_ru_path_of_blood
D:9:      layout_roguey, lightli_temple_of_fire,
          chequers_temple_overflow_statue_of_worship, dpeg_oklobed_lair,
          enter_bailey_2
D:10:     layout_basic, grunt_temple_overflow_magic_moments
D:11:     layout_basic, orc_0_dummy, kennysheep_crisscross, minivault_13

Skill      XL: |  1  2  3  4  5  6  7  8  9 10 11 |
---------------+----------------------------------+-----
Axes           | 4 6 |  6.5
Maces & Flails | 2 3 4 5 6 8 10 13 15 | 15.8
Armour         | 3 4 5 6 8 |  8.0
Fighting       | 4 5 6 8 9 |  9.8
Evocations     | 2 5 |  5.0
Dodging        | 4 5 |  5.0

Action                     |  1- 3 |  4- 6 |  7- 9 | 10-12 || total
---------------------------+-------+-------+-------+-------++-------
  Melee: War axe           |     6 |       |       |       ||     6
         Hand axe          |     4 |       |       |       ||     4
         Headbutt          |     2 |    17 |    22 |    34 ||    75
         Great mace        |    40 |   158 |   126 |       ||   324
         Flail             |       |       |    52 |   224 ||   276
         Punch             |       |       |     2 |       ||     2
  Throw: Stone             |       |     6 |       |       ||     6
 Invoke: Berserk           |       |     1 |     4 |     3 ||     8
         Trog's Hand       |       |       |       |     1 ||     1
         Brothers in Arms  |       |       |       |     1 ||     1
  Evoke: Wand              |       |       |       |     1 ||     1
    Use: Scroll            |       |       |       |     3 ||     3
 Armour: Animal skin       |     2 |       |       |       ||     2
         Ring mail         |    31 |   139 |    45 |       ||   215
         Scale mail        |       |       |    89 |   185 ||   274
         Chain mail        |       |       |     9 |       ||     9
  Dodge: Dodged            |    23 |   136 |   112 |   187 ||   458

Table legend: (Time is in decaauts)
 A = Elapsed time spent in this place.
 B = Non-inter-level travel time spent in this place.
 C = Inter-level travel time spent in this place.
 D = Time resting spent in this place.
 E = Time spent auto-exploring this place.
 F = Levels seen in this place.
 G = Mean time per level.
                   A        B        C        D        E       F      G
               +--------+--------+--------+--------+--------+-----+--------+
         Total |   9879 |   9255 |    624 |   1104 |   5516 |  13 |  759.9 |
       Dungeon |   8989 |   8365 |    624 |   1034 |   5222 |  11 |  817.2 |
         Sewer |    590 |    590 |      0 |     36 |    294 |   1 |  590.0 |
        Bailey |    299 |    299 |      0 |     34 |      0 |   1 |  299.0 |
               +--------+--------+--------+--------+--------+-----+--------+

Top non-repeatable levels by time:
     D:6: 966 daAuts
     D:3: 951 daAuts
     D:8: 947 daAuts
     D:4: 929 daAuts
    D:11: 868 daAuts
     D:9: 839 daAuts
     D:1: 807 daAuts
    D:10: 782 daAuts
     D:5: 741 daAuts
     D:2: 669 daAuts
   Sewer: 590 daAuts
     D:7: 486 daAuts
  Bailey: 299 daAuts
